 Dungeon Crawl Stone Soup version 0.18.1-8-gdd0e5ea (webtiles) character file.

204 Loading the Ruffian (level 5, -13/46 HPs)
             Began as a Ghoul Monk on May 30, 2016.
             Mangled by an ogre
             ... wielding a +0 giant spiked club
              (25 damage)
             ... on level 4 of the Dungeon.
             The game lasted 00:05:24 (2044 turns).

Loading the Ruffian (Ghoul Monk)                    Turns: 2044, Time: 00:05:25

Health: -13/46     AC: 10    Str: 15    XL:     5   Next: 82%
Magic:  4/4        EV:  0    Int:  5    God:
Gold:   87         SH:  0    Dex: 12    Spells: 0 memorised, 4 levels left

rFire  . . .     SeeInvis +       - Unarmed
rCold  + . .     Gourm    .     m - +0 plate armour
rNeg   + + +     Faith    .     (no shield)
rPois  ∞         Spirit   .     (no helmet)
rElec  .         Dismiss  .     (no cloak)
rCorr  .         Reflect  .     (no gloves)
SustAt .         Harm     .     (no boots)
MR     .....                    (no amulet)
Stlth  ..........               l - ring of see invisible
                                (no ring)

@: rotting, not resistant to hostile enchantments, extremely unstealthy
A: rotting body, claws 1, carnivore 3, cold resistance 1, negative energy
resistance 3, slow regeneration 1, torment resistance, unbreathing
a: no special abilities


You were on level 4 of the Dungeon.
You were not hungry.

You visited 1 branch of the dungeon, and saw 4 of its levels.

You collected 158 gold pieces.
You spent 71 gold pieces at shops.

Inventory:

Armour
 m - a +0 plate armour (worn)
Jewellery
 l - a ring of see invisible (right claw)
 o - an uncursed ring of protection from magic {unknown}
Wands
 e - a wand of polymorph (11/24)
Scrolls
 a - a scroll of remove curse
 i - a scroll of teleportation
 n - a scroll of fear {unknown}
 p - a scroll of identify
 q - a scroll of magic mapping
Potions
 c - a potion of might {unknown}
 g - a potion of resistance
 h - a potion of berserk rage
 j - 2 potions of curing
Comestibles
 b - 3 meat rations
 d - 2 chunks of flesh
 f - 2 slices of pizza
 k - 2 beef jerkies


   Skills:
 + Level 4.1 Fighting
 + Level 1.9 Armour
 - Level 2.6 Dodging
 + Level 4.0 Stealth
 * Level 5.7 Unarmed Combat


You had 4 spell levels left.
You didn't know any spells.

Dungeon Overview and Level Annotations

Branches:
Dungeon (4/15)
 Temple: D:4-7

Altars:
Sif Muna

Shops:
D:4 ?


Innate Abilities, Weirdness & Mutations

Your body is rotting away.
You thrive on raw meat.
You are immune to poison.
You have sharp fingernails.
You are carnivorous and can eat meat at any time.
Your flesh is cold resistant.
You are immune to negative energy.
You regenerate slowly when monsters are visible.
You are immune to unholy pain and torment.
You can survive without breathing.


Message History

You are too injured to fight recklessly!
You are too injured to fight recklessly!
You are too injured to fight recklessly!
You are too injured to fight recklessly!
You are too injured to fight recklessly!
You are too injured to fight recklessly!
You are too injured to fight recklessly!
You are too injured to fight recklessly!
You are too injured to fight recklessly!
You are too injured to fight recklessly!
You are too injured to fight recklessly!
You are too injured to fight recklessly!
You are too injured to fight recklessly!
You are too injured to fight recklessly!
Drink which item? (? for menu, Esc to quit)
Okay, then.
There is a stone staircase leading up here.
The ogre hits you with a giant spiked club!!
Ouch! That really hurt!
You die...

#.....#
#.....#####
##.#.#.#.#
#.........#
#........
####..#.#.#
#..#.#.#
#......#
#.......
##.#.#[#
#..#.#.#
#.....#
#.....
###.#.# #...#
#....####.#@#
#.⌠.⌠.....O.#
#..∩.######.#
##⌠.⌠# #...
##### #####


You could see an ogre.

Vanquished Creatures
  Ijyb (D:3)
  An iguana (D:4)
  A gnoll (D:1)
  8 adders
  2 worms (D:2)
  A dart slug (D:1)
  4 giant geckos
  5 giant cockroaches
  8 goblins
  5 hobgoblins
  3 jackals (D:3)
  5 kobolds
  9 bats
  A giant newt (D:3)
  11 rats
65 creatures vanquished.

Notes
Turn   | Place    | Note
--------------------------------------------------------------
     0 | D:1      | Loading the Ghoul Monk began the quest for the Orb.
     0 | D:1      | Reached XP level 1. HP: 19/19 MP: 0/0
    99 | D:1      | Reached XP level 2. HP: 16/26 MP: 1/1
   364 | D:1      | Reached XP level 3. HP: 31/31 MP: 2/2
   471 | D:1      | Reached skill level 1 in Armour
   471 | D:1      | Reached skill level 5 in Unarmed Combat
   617 | D:2      | Reached XP level 4. HP: 40/40 MP: 3/3
   716 | D:2      | Found a deep blue altar of Sif Muna.
  1487 | D:3      | Reached XP level 5. HP: 45/46 MP: 4/4
  1569 | D:3      | Noticed Ijyb
  1592 | D:3      | Killed Ijyb
  1966 | D:3      | Found a faded altar to an unknown god.
  1999 | D:4      | Found Boplittu's Magic Scroll Shop.
  2016 | D:4      | Bought a scroll of identify for 26 gold pieces
  2016 | D:4      | Bought a scroll of magic mapping for 45 gold pieces
  2023 | D:4      | Noticed an ogre
  2044 | D:4      | Mangled by an ogre

Skill      XL: |  1  2  3  4  5 |
---------------+----------------+-----
Armour         | 1 |  1.9
Unarmed Combat | 5 |  5.7
Stealth        | 3 4 |  4.0
Fighting       | 4 |  4.1
Dodging        | |  2.6

Action                   |  1- 3 |  4- 6 || total
-------------------------+-------+-------++-------
Melee: Unarmed           |    80 |   163 ||   243
       Punch             |     2 |     1 ||     3
  Use: Scroll            |     3 |     4 ||     7
  Eat: Chunk             |     8 |    12 ||    20
Armor: Ring mail         |    32 |       ||    32
       Robe              |     1 |       ||     1
       Chain mail        |     8 |    64 ||    72
       Plate armour      |       |    35 ||    35
Dodge: Dodged            |    60 |    46 ||   106
